 Dungeon Sprint DCSS version 0.29.1-12-g30fa7ad0bf (webtiles) character file.

Game seed: 18015294745625349915

23 Sanktem7 the Chopper (level 2, -2/29 HPs)
             Began as a Minotaur Berserker on Jan 7, 2023.
             Was a Follower of Trog.
             Slain by an ogre
             ... wielding a +0 giant club
              (26 damage)
             ... in the Dungeon (Sprint I: "Red Sonja").
             The game lasted 00:00:41 (51 turns).

Sanktem7 the Chopper (Minotaur Berserker)             Turns: 51, Time: 00:00:41

Health: -2/29      AC:  2    Str: 21    XL:     2   Next: 72%
Magic:  1/1        EV: 12    Int:  4    God:    Trog [*.....]
Gold:   0          SH:  0    Dex:  9    Spells: 1/1 levels left

rFire   . . .      SeeInvis .   a - +0 hand axe {axe}
rCold   . . .      Faith    .   (no shield)
rNeg    . . .      Spirit   .   b - +0 animal skin
rPois   .          Reflect  .   (helmet restricted)
rElec   .          Harm     .   (no cloak)
rCorr   .          Rampage  .   (no gloves)
Will    .....      NoTele   +   (no boots)
Stlth   +.........              (no amulet)
HPRegen 0.09/turn               (no ring)
MPRegen 0.07/turn               (no ring)

@: no status effects
A: horns 2, retaliatory headbutt
a: Renounce Religion, Berserk


You were in the Dungeon.
You worshipped Trog.
Trog was aware of your devotion.
You visited 1 branch


Innate Abilities, Weirdness & Mutations

You have a pair of horns on your head.
You reflexively headbutt those who attack you in melee.


   Skills:
 * Level 5.3 Fighting
 * Level 5.3 Axes
 + Level 3.6 Armour
 + Level 3.2 Dodging


You had one spell level left.
You didn't know any spells.
Your spell library was empty.

Inventory:

Hand Weapons
 a - a +0 hand axe (weapon) {axe}
Armour
 b - a +0 animal skin (worn)
Wands
 g - a wand of mindburst (13)
   (You took it off Ijyb in the Dungeon)
Scrolls
 h - a scroll of blinking {!r}
Potions
 c - a potion of curing {@q1}
 e - a potion of haste {@q3}
 f - 2 potions of magic

Dungeon Overview and Level Annotations

Branches:
Dungeon (1/1) Zot: 27000

Altars:

##########
#<.#..@O.#
#..').#..+
#..#####+#
#..# #..#
#..# #⌠⌠#
####


You could see an ogre.


Message History

🤖 Initializing magus.rc ...
Options error: Delay interrupt name "hungry" not recognised. (~/.crawlrc:4856) Options error: Bad monster_list_colour key: strict_neutral (~/.crawlrc:4871) Bad channel name for runrest: 'pray:' ✅ Successfully initialized magus.rc [v1.9.6] Welcome, Sanktem7 the Minotaur Berserker.
Trog says: Kill them all!
Press ? for a list of commands and other information.
Found a staircase leading out of the dungeon.
Really quaff
g - a potion of berserk rage {!q}?
A red film seems to cover your vision as you go berserk!
You feel yourself moving faster!
You feel mighty! 😎 HP[+9]
You now have 28 max hp (+9).
Your hp is fully restored (28).
The door flies open with a bang!
You feel a strong urge to attack something.
Ijyb the Twisted Goblin comes into view.
She is wielding a +0 club and carrying a wand of mindburst (13).
Ijyb shouts!
There is an open door here.
You closely miss Ijyb. Ijyb barely misses you.
You closely miss Ijyb. You barely miss Ijyb. You headbutt Ijyb!
Ijyb hits you with a +0 club. 😕 HP[-2]
You take 2 damage, and now have 26/28 hp.
You barely miss Ijyb. Ijyb hits you with a +0 club. 😕 HP[-2]
You take 2 damage, and now have 24/28 hp.
You closely miss Ijyb. Ijyb closely misses you.
You slash Ijyb!
You kill Ijyb!
Trog accepts your kill.
Your Fighting skill gained 2 levels and is now at level 5!
Your Axes skill gained 2 levels and is now at level 5!
Your Armour skill increases to level 3!
Your Dodging skill increases to level 3!
You have reached level 2! 😕 HP[+13] MP[+1]
You now have 43 max hp (+15).
You regained 13 hp, and now have 37/43 hp.
Your mp is fully restored (1).
You are no longer berserk.
You are exhausted.
You feel yourself slow down.
g - a wand of mindburst (13)
Things that are here:
a +0 club {mace}; a +0 leather armour; the goblin corpse of Ijyb 😕 HP[-12]
You now have 29 max hp (-14).
You start resting.
You feel yourself speed up. 😕 HP[+3]
You regained 3 hp, and now have 28/29 hp.
You start resting. 😎 HP[+1]
Your hp is fully restored (29).
You start waiting.
You recover from your berserk rage.
You open the door.
An ogre comes into view. It is wielding a +0 giant club.
The ogre shouts!
There is an open door here.
You barely miss the ogre.
The ogre hits you with a +0 giant club!!
Ouch! That really hurt!
* * * LOW HITPOINT WARNING * * *
😱 HP[-27]
You take 27 damage, and now have 2/29 hp.
MASSIVE DAMAGE!! (PAUSE)
You feel much better. 😕 HP[+22]
You regained 22 hp, and now have 24/29 hp.
You hit the ogre.
The ogre hits you with a +0 giant club!!
Ouch! That really hurt!
You die...

Skill      XL: |  1 |
---------------+----+-----
Fighting       | 5 |  5.3
Axes           | 5 |  5.3
Armour         | 3 |  3.6
Dodging        | 3 |  3.2

Action                   || total
-------------------------++-------
Melee: Hand axe          ||     8
       Headbutt          ||     1
  Use: Potion            ||     2
Dodge: Dodged            ||     2

Levels and vault maps discovered:
D:        dungeon_sprint_1 [red_sonja_temple_1, red_sonja_temple_small_1]

Notes
Turn   | Place    | Note
-------+----------+-------------------------------------------
     0 | D        | Sanktem7 the Minotaur Berserker began the quest for the
                  | Orb.
     0 | D        | Reached XP level 1. HP: 19/19 MP: 0/0
     0 | D        | magus.rc [v1.9.6]
     2 | D        | Noticed Ijyb
     9 | D        | Killed Ijyb
    10 | D        | Reached skill level 5 in Fighting
    10 | D        | Reached skill level 5 in Axes
    10 | D        | Reached skill level 3 in Armour
    10 | D        | Reached skill level 3 in Dodging
    10 | D        | Reached XP level 2. HP: 29/29 MP: 1/1
    47 | D        | Noticed an ogre
    49 | D        | HP: 2/29 [ogre/+0 giant club (27)]
    51 | D        | Slain by an ogre

Vanquished Creatures
  Ijyb (D)
1 creature vanquished.

Table legend:
 A = Non-vault XP
 B = Vault XP
 C = Vault XP percentage of total XP
 D = Non-vault monster count
 E = Vault monster count
 F = Vault count percentage of total count
                 A         B        C        D         E       F
            +---------+---------+-------+---------+---------+-------
      Total |       0 |      33 | 100.0 |       0 |       1 | 100.0
            +---------+---------+-------+---------+---------+-------
          D |       0 |      33 | 100.0 |       0 |       1 | 100.0
            +---------+---------+-------+---------+---------+-------

Illustrated notes

Table legend:
 A = Kills in this place as a percentage of kills in entire the game.
 B = Kills by you in this place as a percentage of kills by you in the entire game.
 C = Kills by friends in this place as a percentage of kills by friends in the entire game.
 D = Other kills in this place as a percentage of other kills in the entire game.
 E = Experience gained in this place as a percentage of experience gained in the entire game.
 F = Experience gained in this place divided by the number of levels of this place that you have seen.
                   A       B       C       D       E      F
               +-------+-------+-------+-------+-------+----------------------
         Total | 100.0 | 100.0 |   N/A |   N/A | 100.0 |  33.0
       Dungeon | 100.0 | 100.0 |   N/A |   N/A | 100.0 |  33.0
               +-------+-------+-------+-------+-------+----------------------

Table legend: (Time is in decaauts)
 A = Elapsed time spent in this place.
 B = Non-inter-level travel time spent in this place.
 C = Inter-level travel time spent in this place.
 D = Time resting spent in this place.
 E = Time spent auto-exploring this place.
 F = Levels seen in this place.
 G = Mean time per level.
                   A        B        C        D        E       F      G
               +--------+--------+--------+--------+--------+-----+--------+
         Total |     60 |     60 |      0 |     45 |      0 |   1 |   60.0 |
       Dungeon |     60 |     60 |      0 |     45 |      0 |   1 |   60.0 |
               +--------+--------+--------+--------+--------+-----+--------+

Top non-repeatable levels by time:
       D: 60 daAuts
